 Dungeon Crawl Stone Soup version 0.19-a0-1170-g18f0c96 (webtiles) character file.

175 jacquesderrida the Slasher (level 5, -2/42 HPs)
             Began as a Minotaur Warper on Aug 17, 2016.
             Slain by a hound (4 damage)
             ... on level 5 of the Dungeon.
             The game lasted 00:04:44 (1175 turns).

jacquesderrida the Slasher (Minotaur Warper)        Turns: 1175, Time: 00:04:45

Health: -2/42      AC:  5    Str: 15    XL:     5   Next: 29%
Magic:  6/6        EV: 11    Int: 10    God:
Gold:   132        SH:  0    Dex: 11    Spells: 1 memorised, 5 levels left

rFire  + . .     SeeInvis .     c - book of Spatial Translocations
rCold  . . .     Gourm    .     h - +0 ring mail
rNeg   . . .     Faith    .     (no shield)
rPois  .         Spirit   .     (helmet restricted)
rElec  .         Dismiss  .     (no cloak)
rCorr  .         Reflect  .     (no gloves)
MR     .....     Harm     .     (no boots)
Stlth  +.........               (no amulet)
                                (no ring)
                                g - ring of protection from fire

@: flying
A: retaliatory headbutt, horns 2
a: no special abilities


You were on level 5 of the Dungeon.
You were very hungry.

You visited 1 branch of the dungeon, and saw 5 of its levels.

You collected 132 gold pieces.

Inventory:

Hand Weapons
 a - a +0 falchion
Missiles
 e - 3 tomahawks of dispersal (quivered)
 o - 11 tomahawks
Armour
 b - a +0 leather armour
 h - a +0 ring mail (worn)
Jewellery
 g - a ring of protection from fire (left hand)
Wands
 n - a wand of confusion (44/48)
 q - a wand of iceblast (11/15)
Scrolls
 d - a scroll of blinking
 k - 4 scrolls of amnesia
 m - a scroll of remove curse
Books
 c - a book of Spatial Translocations (in hand)

   Spells                             Type                      Level
   a - Apportation                    Translocation                1
   b - Blink                          Translocation                2
   c - Shroud of Golubria             Charms/Translocation         2
   d - Portal Projectile              Translocation                3
   e - Teleport Other                 Translocation                3
   f - Passage of Golubria            Translocation                4
Comestibles
 f - 2 bread rations
 i - 2 meat rations
 j - a fruit


   Skills:
 - Level 2.4 Fighting
 + Level 6.7 Long Blades
 - Level 1.0 Throwing
 - Level 1.2 Armour
 - Level 2.1 Dodging
 - Level 1.3 Spellcasting
 - Level 2.1 Translocations


You had 5 spell levels left.
You knew the following spells:

 Your Spells              Type           Power        Failure   Level  Hunger
a - Apportation           Tloc           #.........   28%         1    ##.....


Dungeon Overview and Level Annotations

Branches:
Dungeon (5/15)
 Temple: D:4-7

Altars:
Elyvilon
Gozag


Innate Abilities, Weirdness & Mutations

You reflexively headbutt those who attack you in melee.
You have a pair of horns on your head.


Message History

Really attack while wielding your book of Spatial Translocations? [Y]es or [N]o only, please.
Really attack while wielding your book of Spatial Translocations? [Y]es or [N]o only, please.
Really attack while wielding your book of Spatial Translocations? [Y]es or [N]o only, please.
Really attack while wielding your book of Spatial Translocations? [Y]es or [N]o only, please.
Really attack while wielding your book of Spatial Translocations?
Okay, then.
A hound is nearby!
Wield which item (- for none, * to show all)? (? for menu, Esc to quit)
Okay, then.
It was a potion of flight.
You feel very buoyant.
You fly up into the air.
The hound closely misses you. The hound misses you. You furiously retaliate!
You headbutt the hound, but do no damage.
It was a potion of magic.
Magic courses through your body. The hound bites you.
You die...

#########
#.......#
#.#####.# #.#
#.#
.#####.#####.#
.......h@...#.#
#.#####.###.#.#
#.###.#.#
#.......#
#####.### #.#
#.# #.# #+##
#.#


You could see a hound.

Vanquished Creatures
  4 worker ants
  An orc wizard (D:3)
  3 oozes
  A worm (D:3)
  2 giant geckos (D:3)
  4 orcs (D:3)
  2 ball pythons
  3 giant cockroaches
  4 goblins
  2 hobgoblins
  A kobold (D:1)
  3 quokkas
  4 bats
  A giant newt (D:5)
  A quokka skeleton (D:4)
  2 rats
38 creatures vanquished.

Notes
Turn   | Place    | Note
-------+----------+-------------------------------------------
     0 | D:1      | jacquesderrida the Minotaur Warper began the quest for the Orb.
     0 | D:1      | Reached XP level 1. HP: 18/18 MP: 1/1
    49 | D:1      | Reached skill level 3 in Long Blades
    49 | D:1      | Reached XP level 2. HP: 19/25 MP: 3/3
   276 | D:3      | Reached skill level 4 in Long Blades
   424 | D:3      | Found an opulent altar of Gozag.
   424 | D:3      | Found a white marble altar of Elyvilon.
   427 | D:3      | Reached XP level 3. HP: 26/30 MP: 4/4
   556 | D:3      | Reached skill level 5 in Long Blades
   558 | D:3      | Reached XP level 4. HP: 17/37 MP: 5/5
   780 | D:4      | Reached skill level 6 in Long Blades
   890 | D:5      | Entered Level 5 of the Dungeon
   920 | D:5      | Noticed an ice beast
  1108 | D:5      | Reached XP level 5. HP: 32/42 MP: 6/6
  1135 | D:5      | HP: 2/42 [poisoned by a worker ant]
  1141 | D:5      | HP: 2/42 [poisoned by a worker ant]
  1146 | D:5      | HP: 1/42 [poisoned by a worker ant]
  1173 | D:5      | HP: 1/42 [hound (5)]
  1175 | D:5      | Slain by a hound

Vault maps used:
D:1:      minmay_arrival_cross
D:3:      kennysheep_the_goblin_king, minitemple, minmay_cupped
D:4:      first_bread, uniq_natasha
D:5:      serial_shops, shop

Skill      XL: |  1  2  3  4 |
---------------+-------------+-----
Long Blades    | 3 4 5 6 |  6.7
Fighting       | |  2.4
Throwing       | |  1.0
Armour         | |  1.2
Dodging        | |  2.1
Spellcasting   | |  1.3
Translocations | |  2.1

Action                   |  1- 3 |  4- 6 || total
-------------------------+-------+-------++-------
Melee: Falchion          |    83 |    71 ||   154
       Headbutt          |    12 |     9 ||    21
Throw: Tomahawk          |       |     2 ||     2
Evoke: Wand              |       |     1 ||     1
  Use: Scroll            |     4 |     4 ||     8
       Potion            |     1 |     4 ||     5
 Stab: Confused          |       |     2 ||     2
Armor: Leather armour    |     5 |       ||     5
       Ring mail         |    13 |    19 ||    32
Dodge: Dodged            |    51 |    28 ||    79
